[Event "Team 45 45 League T42"]
[Site "Internet Chess Club"]
[Date "2009.08.02"]
[Round "1"]
[White "Graybeard"]
[Black "WannaB"]
[Result "0-1"]
[WhiteElo "1098"]
[BlackElo "1041"]
[Opening "Sicilian: closed"]
[ECO "B24"]
[Time "19:03:36"]
[TimeControl "2700+45"]

1. e4 c5 2. Nc3 Nc6 3. g3 d6 4. Bg2 Bd7 5. d3 Nf6 6. Nge2 a6 7. O-O Rb8 8. b3 g6
9. Be3 Bg7 10. Qd2 O-O 11. Bh6 Ng4 12. Bxg7 Kxg7 13. Nd5 e6 14. Qc3+ Kg8 15.
Ndf4 Nf6 16. d4 cxd4 17. Nxd4 Nxd4 18. Qd3 e5 19. Nd5 Nxd5 20. exd5 Bf5 21. Be4
Bxe4 22. Qxe4 Rc8 23. Rac1 Nb5 24. c4 Nd4 25. c5 Nb5 26. cxd6 Rxc1 27. Rxc1 Qxd6
28. a4 Nc7 29. Rd1 f5 30. Qc4 b5 31. Qc6 Qxc6 32. dxc6 bxa4 33. bxa4 Na8 34. Rc1
Rc8 35. a5 Nc7 36. Kg2 Kf7 37. f3 Nd5 38. Kf2 Ke6 39. Ke2 Rc7 40. h4 h5 41. Kd2
Nb4 42. f4 Nxc6 43. Rc5 Kd6 44. Rc3 Nxa5 45. Rxc7 Kxc7 46. Kd3 exf4 47. gxf4 Kd6
48. Kd4 Nc6+ 49. Kc4 a5 50. Kb3 Kc5 51. Ka4 Kb6 52. Ka3 Kb5 53. Kb3 Nd4+ 54. Kc3
Nf3 55. Kd3 Kb4 56. Ke2 Nxh4 57. Ke3 a4 {White resigns} 0-1

[Event "Team 45 45 League T42"]
[Site "Internet Chess Club"]
[Date "2009.07.31"]
[Round "1"]
[White "KingOfHearts"]
[Black "guyd52"]
[Result "1-0"]
[WhiteElo "1296"]
[BlackElo "1353"]
[Opening "Alekhine's defense"]
[ECO "B02"]
[Time "19:00:06"]
[TimeControl "2700+45"]

1. e4 Nf6 2. Nc3 g6 3. Bc4 Bg7 4. d4 d6 5. h3 O-O 6. a4 Nbd7 7. Nf3 c6 8. b4 e5
9. Be3 Re8 10. Ng5 Re7 11. d5 Nb6 12. Bb3 cxd5 13. exd5 e4 14. Bd4 h6 15. Nxf7
Rxf7 16. a5 Nbd7 17. O-O Re7 18. Nb5 Ne5 19. Bxa7 Bd7 20. Bb6 Qc8 21. Nxd6 Qc3
22. Nxb7 Bxh3 23. d6+ Rf7 24. Bd4 Nf3+ 25. gxf3 Qxf3 26. Qxf3 exf3 27. Rfe1 Rf8
28. Re7 Nh5 29. Bxg7 Kxg7 30. Rxf7+ Rxf7 31. Bxf7 Kxf7 32. Re1 Nf4 33. a6 Bg2
34. a7 Nh3+ 35. Kh2 Nxf2 36. a8=Q Ng4+ 37. Kg3 f2 38. Qe8+ Kf6 39. Qe6+ Kg5 40.
Qxg4+ Kf6 41. Qf4+ Kg7 42. Qxf2 {Black resigns} 1-0

[Event "Team 45 45 League T42"]
[Site "Internet Chess Club"]
[Date "2009.08.01"]
[Round "1"]
[White "CoasterBrake"]
[Black "kabubi"]
[Result "0-1"]
[WhiteElo "1226"]
[BlackElo "1199"]
[Opening "English: Sicilian reversed"]
[ECO "A25"]
[Time "11:00:18"]
[TimeControl "2700+45"]

1. c4 e5 2. Nc3 Nc6 3. g3 Nf6 4. Bg2 Bb4 5. Nf3 d5 6. Nxe5 Bxc3 7. Nxc6 bxc6 8.
bxc3 O-O 9. cxd5 cxd5 10. d3 Bb7 11. Rb1 Rb8 12. O-O Re8 13. Be3 Bc6 14. Bxa7
Ra8 15. Be3 Rxa2 16. Ra1 Qa8 17. Re1 Rb8 18. Rxa2 Qxa2 19. Bf4 Rb7 20. Qa1 Rb2
21. Qxa2 Rxa2 22. Bxc7 Ne8 23. Be5 f6 24. Bd4 Nc7 25. e4 Rd2 26. Re3 Rd1+ 27.
Bf1 Bb5 28. exd5 Nxd5 29. Re8+ {White resigns} 0-1

[Event "Team 45 45 League T42"]
[Site "Internet Chess Club"]
[Date "2009.08.05"]
[Round "1"]
[White "dornoch"]
[Black "chips"]
[Result "0-1"]
[WhiteElo "1015"]
[BlackElo "1208"]
[Opening "French defense"]
[ECO "C00"]
[Time "16:02:22"]
[TimeControl "2700+45"]

1. e4 e6 2. Nf3 d5 3. exd5 exd5 4. d4 Nc6 5. Bb5 Bd6 6. Bxc6+ bxc6 7. O-O Ne7 8.
Re1 O-O 9. Ne5 Bf5 10. c3 f6 11. Nf3 Re8 12. Be3 Qd7 13. Qd2 Ng6 14. b3 Bh3 15.
c4 Qg4 {White resigns} 0-1

[Event "Team 45 45 League T42"]
[Site "Internet Chess Club"]
[Date "2009.08.02"]
[Round "1"]
[White "tourettes"]
[Black "vaknight"]
[Result "1/2-1/2"]
[WhiteElo "1693"]
[BlackElo "1685"]
[Opening "Sicilian: closed"]
[ECO "B23"]
[Time "11:10:03"]
[TimeControl "2700+45"]

1. e4 c5 2. Nc3 d6 3. g3 Nf6 4. Bg2 Nc6 5. Nge2 a6 6. O-O e6 7. d3 Be7 8. h3 O-O
9. f4 Qc7 10. Kh2 Rb8 11. g4 b5 12. Ng3 b4 13. Nce2 Bb7 14. g5 Nd7 15. f5 e5 16.
c3 a5 17. h4 Kh8 18. h5 f6 19. g6 h6 20. Be3 Nb6 21. Qd2 Bd8 22. d4 Nc4 23. Qc1
Nxe3 24. Qxe3 cxd4 25. cxd4 Qb6 26. Rfd1 Qa7 27. Qd2 Bb6 28. d5 Nd4 29. Nxd4
Bxd4 30. Bf1 Be3 31. Qe2 Rbc8 32. Kh3 Rc7 33. Qb5 Qc5 34. Qxc5 Rxc5 35. Re1 Bg5
36. Bd3 Rfc8 37. Nf1 Kg8 38. Ne3 Kf8 39. Kg4 Ke7 40. Rad1 R8c7 41. b3 Bxe3 42.
Rxe3 Rc3 43. Re2 Bc8 44. Bc4 Bd7 45. Ra1 a4 46. Rd1 Rc5 47. Rd3 Rc1 48. Kg3 a3
49. Rdd2 Bb5 50. Bxb5 Rxb5 51. Rc2 Rxc2 52. Rxc2 Rc5 53. Re2 Rc3+ 54. Kg2 Kd7
55. Kh2 Kc7 56. Kg2 Kb6 57. Kg1 Kc5 58. Rd2 Kb6 {Game drawn by mutual agreement}
1/2-1/2

[Event "Team 45 45 League T42"]
[Site "Internet Chess Club"]
[Date "2009.08.01"]
[Round "1"]
[White "MarkNY"]
[Black "werty"]
[Result "1-0"]
[WhiteElo "1624"]
[BlackElo "1525"]
[Opening "French: exchange variation"]
[ECO "C01"]
[Time "14:36:08"]
[TimeControl "2700+45"]

1. e4 e6 2. d4 d5 3. exd5 exd5 4. c4 Nf6 5. Nc3 Bb4 6. Bd3 O-O 7. Ne2 dxc4 8.
Bxc4 Bf5 9. O-O c6 10. Bg5 Nbd7 11. Ng3 Bg6 12. f4 h6 13. f5 Bh7 14. Bh4 Be7 15.
Qf3 g5 16. fxg6 Bxg6 17. Nf5 Nh5 {Black resigns} 1-0

[Event "Team 45 45 League T42"]
[Site "Internet Chess Club"]
[Date "2009.08.03"]
[Round "1"]
[White "jacknor"]
[Black "john-beebs"]
[Result "1-0"]
[WhiteElo "1660"]
[BlackElo "1502"]
[Opening "Scotch gambit"]
[ECO "C44"]
[Time "14:00:52"]
[TimeControl "2700+45"]

1. e4 e5 2. Nf3 Nc6 3. d4 exd4 4. Bc4 Bc5 5. c3 Qf6 6. Bg5 Qg6 7. O-O d6 8. Bd3
Bg4 9. Bh4 Qe6 10. Nbd2 Nf6 11. Nb3 Ne5 12. cxd4 Nxf3+ 13. gxf3 Bh3 14. dxc5
Bxf1 15. Qxf1 Qe5 16. cxd6 cxd6 17. Bg3 Qxb2 18. Bb5+ Ke7 19. Qc1 Qxc1+ 20. Rxc1
Rac8 21. Rd1 Rhd8 22. Nd4 g6 23. Ba4 a6 24. Bb3 Nh5 25. Bh4+ f6 26. Nc2 g5 27.
Bg3 Nxg3 28. fxg3 h5 29. Nd4 Rc3 30. Nf5+ Kf8 31. Kg2 Rc6 32. Nd4 Ke7 33. Nxc6+
bxc6 34. Rc1 c5 35. Bd5 Rb8 36. Rc2 a5 37. f4 a4 38. Kh3 a3 39. Bb3 Rb4 40. Rc4
Rb8 41. Ra4 Rc8 42. Ra7+ Kd8 43. Rh7 gxf4 44. Rh8+ Kc7 45. Rxc8+ Kxc8 46. gxf4
Kc7 47. Kh4 Kb6 48. Kxh5 Kb5 49. Bd1 c4 50. Kg6 c3 51. h4 Kc5 52. h5 Kd4 53. h6
Kd3 54. h7 c2 55. Bxc2+ {Black resigns} 1-0

[Event "Team 45 45 League T42"]
[Site "Internet Chess Club"]
[Date "2009.08.01"]
[Round "1"]
[White "SugarIslander"]
[Black "xt"]
[Result "1-0"]
[WhiteElo "1739"]
[BlackElo "1577"]
[Opening "QGD: 4.Bg5 Nbd7"]
[ECO "D51"]
[Time "12:33:56"]
[TimeControl "2700+45"]

1. d4 d5 2. c4 e6 3. Nc3 Nf6 4. Bg5 Nbd7 5. Nf3 Be7 6. e3 h6 7. Bh4 O-O 8. Qc2
a6 9. Rc1 dxc4 10. Bxc4 b5 11. Bd3 Bb7 12. Ne4 Rc8 13. O-O Nxe4 14. Bxe7 Qxe7
15. Bxe4 Bxe4 16. Qxe4 Qb4 17. Qc6 Qd6 18. Rc3 Qxc6 19. Rxc6 Nb8 20. Rc3 Rfd8
21. Rfc1 c6 22. Ne5 Rd6 23. b4 Kf8 24. f4 f6 25. Nd3 Rc7 26. Nc5 Ra7 27. Kf2 Ke7
28. g4 Nd7 29. Ne4 Rd5 30. Rxc6 f5 31. gxf5 exf5 32. Nc5 Nxc5 33. R1xc5 Rxc5 34.
bxc5 Kd7 35. d5 a5 36. Rg6 Ke8 37. Re6+ Kd8 38. Ke2 b4 39. Rb6 Kc8 40. Kd3 Kc7
41. h4 Kd7 42. Kd4 Kc7 43. Ke5 Rb7 44. d6+ Kc8 45. Ra6 Rb5 46. Kd4 Kb7 47. Rb6+
Rxb6 48. cxb6 Kxb6 49. d7 Kc7 50. Kc5 Kxd7 51. Kb5 Kd6 52. Kxa5 Kd5 53. Kxb4 Ke4
54. a4 Kxe3 55. a5 Kxf4 56. a6 Kg3 57. a7 Kxh4 58. a8=Q Kg5 59. Qd8+ Kg6 60.
Qe8+ Kf6 61. Qf8+ Kg6 62. Kc4 h5 63. Kd3 h4 64. Ke3 h3 65. Kf2 {Black resigns}
1-0

[Event "Team 45 45 League T42"]
[Site "Internet Chess Club"]
[Date "2009.08.01"]
[Round "1"]
[White "Salvatore"]
[Black "oldsj"]
[Result "0-1"]
[WhiteElo "1617"]
[BlackElo "1667"]
[Opening "Trompowsky attack (Ruth, Opocenský opening)"]
[ECO "A45"]
[Time "18:00:33"]
[TimeControl "2700+45"]

1. d4 Nf6 2. Bg5 Ne4 3. Bf4 c5 4. d5 d6 5. f3 Nf6 6. e4 g6 7. c4 Bg7 8. Nc3 O-O
9. Bd3 Nbd7 10. Nge2 Ne8 11. O-O Ne5 12. Kh1 f5 13. Rb1 fxe4 14. fxe4 Bg4 15.
Bxe5 Rxf1+ 16. Qxf1 Bxe5 17. Nf4 Ng7 18. Be2 Bd7 19. Nd3 Bf6 20. Nd1 Qc7 21. b4
b6 22. b5 Rf8 23. Qe1 Qc8 24. N1f2 Bd4 25. a4 Ne8 26. Bf3 e5 27. a5 Nf6 28. axb6
axb6 29. Qe2 Qe8 30. Rf1 Rf7 31. Ng4 Nxg4 32. Bxg4 Bxg4 33. Qe1 Qf8 34. Rxf7
Qxf7 35. h3 Bd7 36. Nc1 Qf2 37. Qd1 Bg4 38. hxg4 {White resigns} 0-1

[Event "Team 45 45 League T42"]
[Site "Internet Chess Club"]
[Date "2009.08.03"]
[Round "1"]
[White "Berkshires"]
[Black "Berke"]
[Result "0-1"]
[WhiteElo "1630"]
[BlackElo "1597"]
[Opening "Ruy Lopez: closed, Bogolyubov variation"]
[ECO "C91"]
[Time "18:04:35"]
[TimeControl "2700+45"]

1. e4 e5 2. Nf3 Nc6 3. Bb5 a6 4. Ba4 Nf6 5. O-O Be7 6. Re1 b5 7. Bb3 d6 8. c3
O-O 9. d4 Bg4 10. Bg5 exd4 11. cxd4 Bxf3 12. Qxf3 Nxd4 13. Qd3 c5 14. Nd2 Nc6
15. Bc2 c4 16. Qe3 Qc7 17. Nf3 Ng4 18. Qf4 Nce5 19. Nxe5 Nxe5 20. Bxe7 Qxe7 21.
Qe3 Rfe8 22. Rad1 Ng4 23. Qf4 Ne5 24. h3 Rad8 25. Qe3 Qc7 26. f4 Nd7 27. Rd2 f6
28. Red1 Nc5 29. Qd4 Ne6 30. Qd5 Kf8 31. Qf5 Qc5+ 32. Qxc5 dxc5 33. Rxd8 Rxd8
34. Rxd8+ Nxd8 35. g4 h6 36. f5 Nc6 37. Kf2 Ke7 38. Ke3 Kd6 39. Bd1 Ke5 40. h4
b4 41. Bc2 Nd4 42. Bd1 a5 43. Ba4 c3 44. bxc3 bxc3 45. Kd3 c2 46. Bxc2 Nxc2 47.
Kxc2 Kxe4 48. Kc3 Kf4 49. Kc4 Kxg4 50. Kxc5 Kxf5 51. Kb5 Ke5 52. Kxa5 f5 53. Kb6
f4 54. a4 f3 55. a5 f2 56. a6 f1=Q 57. a7 Qf2+ 58. Kb7 Qxa7+ 59. Kxa7 g5 60.
hxg5 hxg5 {White resigns} 0-1

[Event "Team 45 45 League T42"]
[Site "Internet Chess Club"]
[Date "2009.08.04"]
[Round "1"]
[White "milesotoole"]
[Black "beerss"]
[Result "0-1"]
[WhiteElo "1266"]
[BlackElo "1371"]
[Opening "Queen's pawn game"]
[ECO "D02"]
[Time "17:35:18"]
[TimeControl "2700+45"]

1. d4 d5 2. Nf3 e6 3. Bf4 Nf6 4. h3 c5 5. c3 Nc6 6. e3 cxd4 7. exd4 a6 8. Bd3
Bd6 9. Bxd6 Qxd6 10. Ne5 Nxe5 11. dxe5 Qxe5+ 12. Qe2 Qc7 13. O-O O-O 14. Nd2 Bd7
15. a4 Rab8 16. Rfc1 Qd8 17. Nf3 Qe8 18. Ne5 Bxa4 19. Ng4 Nxg4 20. Qxg4 f5 21.
Qh4 Bc6 22. g4 Qf7 23. Re1 h6 24. gxf5 exf5 25. Re7 Qg6+ 26. Kh2 d4 27. Rg1 Qd6+
28. f4 Rf7 29. Rxf7 Kxf7 30. Bc4+ Bd5 31. Bxd5+ Qxd5 32. Qg3 Rg8 33. cxd4 Qxd4
34. Qb3+ Kf8 35. Qa3+ Kf7 36. Qb3+ Kf6 37. Rg6+ Kxg6 38. Qe6+ Qf6 39. Qxg8 Qxb2+
40. Kg3 Qc3+ 41. Kh2 Qd2+ 42. Kg3 Qe3+ 43. Kh4 Qxf4# {White checkmated} 0-1

[Event "Team 45 45 League T42"]
[Site "Internet Chess Club"]
[Date "2009.08.03"]
[Round "1"]
[White "GadsHill"]
[Black "Zohan"]
[Result "1-0"]
[WhiteElo "1509"]
[BlackElo "1396"]
[Opening "QGD Slav: 3.Nf3"]
[ECO "D11"]
[Time "22:01:58"]
[TimeControl "2700+45"]

1. d4 d5 2. c4 c6 3. Nf3 Nf6 4. Qc2 Be6 5. e3 Na6 6. a3 Ne4 7. Nbd2 Nxd2 8. Bxd2
Qd7 9. Be2 Bf5 10. Qb3 e6 11. Rc1 Rc8 12. O-O Be7 13. cxd5 exd5 14. Bxa6 bxa6
15. Ne5 Qd6 16. Qa4 Bd7 17. Qxa6 c5 18. Qxd6 Bxd6 19. Nxd7 Kxd7 20. dxc5 Bxc5
21. Bc3 Rhg8 22. Rfd1 Ke6 23. Kf1 f5 24. Ke2 g5 25. h3 h5 26. Rd2 Bb6 27. Rcd1
Rcd8 28. b4 Rd7 29. a4 Rc8 30. Rd3 Bc7 31. Bd4 a6 32. Rc3 Rb8 33. Rb1 Bd6 34. b5
axb5 35. axb5 Rdb7 36. b6 Be7 37. Rc6+ Kd7 38. Rbc1 Bd8 39. R6c5 Kd6 40. Rc6+
Kd7 41. Rg6 g4 42. Rcc6 gxh3 43. gxh3 h4 44. Rgd6+ Ke7 45. Bf6+ Ke8 46. Bxd8
Rxd8 47. Rxd8+ Kxd8 48. Rd6+ Ke7 49. Rxd5 Rxb6 50. Rxf5 Rb2+ 51. Kf3 Rb4 52. Rf4
Rb5 53. Rxh4 Rf5+ 54. Rf4 Rh5 55. Kg4 Rc5 56. h4 Rc2 57. h5 Rc6 58. e4 {Black
resigns} 1-0

[Event "Team 45 45 League T42"]
[Site "Internet Chess Club"]
[Date "2009.08.05"]
[Round "1"]
[White "slipkid"]
[Black "cobra2008"]
[Result "0-1"]
[WhiteElo "1475"]
[BlackElo "1507"]
[Opening "Scotch gambit"]
[ECO "C44"]
[Time "15:00:14"]
[TimeControl "2700+45"]

1. e4 e5 2. Nf3 Nc6 3. d4 exd4 4. Bc4 Bb4+ 5. c3 dxc3 6. O-O d6 7. bxc3 Bc5 8.
Bg5 Nge7 9. Nbd2 h6 10. Bh4 O-O 11. h3 Na5 12. Bd3 Nac6 13. a4 Be6 14. Bc2 Re8
15. Nb3 Bb6 16. Nbd4 Nxd4 17. Nxd4 Bc4 18. Re1 Qd7 19. a5 Bxd4 20. Qxd4 Be6 21.
f4 Nc6 22. Qd3 f6 23. e5 dxe5 24. Qh7+ Kf8 25. Qh8+ Kf7 26. Qh7 Ne7 27. fxe5 Rh8
28. Qe4 f5 29. Qxb7 Qc6 30. Qb4 Nd5 31. Qa3 Nf4 32. Qe7+ Kg6 33. Be4 fxe4 34.
Rf1 Ne2+ 35. Kh1 Rhe8 36. Qa3 Qxc3 37. Qa4 Qxe5 38. Rae1 Rf8 39. Rxf8 Rxf8 40.
Rxe2 Rf1# {White checkmated} 0-1

[Event "Team 45 45 League T42"]
[Site "Internet Chess Club"]
[Date "2009.07.31"]
[Round "1"]
[White "MeansToAnEnd"]
[Black "sdcohle"]
[Result "0-1"]
[WhiteElo "1114"]
[BlackElo "1356"]
[Opening "Ruy Lopez: Classical defense deferred"]
[ECO "C70"]
[Time "22:32:01"]
[TimeControl "2700+45"]

1. e4 e5 2. Nf3 Nc6 3. Bb5 a6 4. Ba4 Bc5 5. O-O d6 6. Nc3 b5 7. Bb3 Nf6 8. a3
O-O 9. d3 Bg4 10. h3 Bxf3 11. Qxf3 Nd4 12. Qg3 b4 13. axb4 Bxb4 14. Qe3 Bc5 15.
Qd2 Rb8 16. Rxa6 Nxb3 17. cxb3 Rxb3 18. Qc2 Rb8 19. Qa4 Qe7 20. Qc6 h6 21. Nb5
Rfc8 22. Bd2 Qd7 23. Ba5 Qxc6 24. Rxc6 Rxb5 25. Bxc7 Rxb2 26. Rc1 Ne8 27. d4
exd4 28. e5 Rxc7 29. Rxc7 Nxc7 30. exd6 Bxd6 31. Rc6 Be5 32. Rc5 Rb1+ {White
resigns} 0-1

[Event "Team 45 45 League T42"]
[Site "Internet Chess Club"]
[Date "2009.08.04"]
[Round "1"]
[White "Aquaman"]
[Black "optional"]
[Result "1-0"]
[WhiteElo "1363"]
[BlackElo "1573"]
[Opening "Blackmar-Diemer gambit"]
[ECO "D00"]
[Time "14:59:57"]
[TimeControl "2700+45"]

1. d4 Nf6 2. Nc3 d5 3. e4 dxe4 4. f3 Nc6 5. Be3 Bf5 6. fxe4 Nxe4 7. Nxe4 Bxe4 8.
c3 e6 9. Nf3 Bd6 10. Be2 O-O 11. O-O e5 12. d5 Ne7 13. c4 Nf5 14. Bc1 Bc5+ 15.
Kh1 Bxf3 16. Rxf3 Nd4 17. Rh3 Nxe2 18. Qxe2 Qf6 19. Rf3 Qh4 20. Bd2 Rad8 21. Be1
Qh5 22. Qf1 e4 23. Rf5 Qh6 24. Qe2 Qe3 25. Qf1 Rd6 26. Bf2 Qd2 27. Bxc5 Rh6 28.
Bxf8 Kxf8 29. Rxf7+ Ke8 30. Rf8+ Kd7 31. Qf5+ Ke7 32. Rf7+ Kd6 33. Qxe4 Kc5 34.
Rxc7+ Kb6 35. Rxg7 Rxh2+ 36. Kxh2 Qh6+ 37. Kg1 Qxg7 38. Rb1 Kc5 39. b3 a5 40. a3
h5 41. Qe3+ Kd6 42. Qb6+ Ke5 43. Re1+ Kf5 44. Qe6+ Kf4 45. Re4+ Kg5 46. Qe5+
Qxe5 47. Rxe5+ Kf4 48. Rxh5 b5 49. cxb5 a4 50. bxa4 Kg4 51. Re5 Kf4 52. Re1 Kf5
53. d6 Kg6 54. d7 Kh7 55. d8=Q Kg7 56. Qd7+ Kh6 57. Qd5 Kg6 58. Re6+ Kg7 59.
Qd7+ Kf8 60. Re8# {Black checkmated} 1-0

[Event "Team 45 45 League T42"]
[Site "Internet Chess Club"]
[Date "2009.07.31"]
[Round "1"]
[White "icey"]
[Black "nozmov"]
[Result "0-1"]
[WhiteElo "900"]
[BlackElo "1441"]
[Opening "French: Two knights variation"]
[ECO "C00"]
[Time "17:31:31"]
[TimeControl "2700+45"]

1. e4 e6 2. Nf3 d5 3. Nc3 d4 4. Nb5 Bc5 5. Bd3 a6 6. Na3 Ne7 7. Nc4 b5 8. Na5
Bb6 9. Nb3 c5 10. O-O c4 11. Nfxd4 cxd3 12. cxd3 Bxd4 13. Nxd4 Qxd4 14. Qg4 Ng6
15. Rb1 Nd7 16. b3 Nde5 17. Qg5 O-O 18. Bb2 Qxd3 19. Bxe5 Nxe5 20. Qxe5 f6 21.
Qc7 Bd7 22. Rfd1 Rfc8 23. Qb7 Qd6 24. Rbc1 Rab8 25. Rxc8+ Rxc8 26. Qxc8+ Bxc8
27. Rc1 Bb7 28. d3 h6 29. d4 Qxd4 30. Rd1 Qxe4 31. Rd8+ Kh7 32. Rd7 Qe1# {White
checkmated} 0-1

[Event "Team 45 45 League T42"]
[Site "Internet Chess Club"]
[Date "2009.07.31"]
[Round "1"]
[White "kabubi"]
[Black "Kevericz12"]
[Result "0-1"]
[WhiteElo "1180"]
[BlackElo "877"]
[Opening "Sicilian: Hungarian variation"]
[ECO "B27"]
[Time "20:00:09"]
[TimeControl "2700+45"]

1. e4 c5 2. Nf3 g6 3. g3 Nf6 4. e5 Nd5 5. c4 Nb4 6. a3 N4c6 7. d4 cxd4 8. Nxd4
Nxd4 9. Qxd4 Bg7 10. Bf4 Nc6 11. Qe3 O-O 12. Bg2 d6 13. Bxc6 bxc6 14. Nc3 Re8
15. O-O Bh3 16. Rfe1 c5 17. Rad1 Qb6 18. Nb5 Qc6 19. Qe4 Qxe4 20. Rxe4 Rab8 21.
Rb1 Bf5 22. Nc3 Bxe4 23. Nxe4 dxe5 24. Be3 Rbc8 25. Rd1 f5 26. Nxc5 e4 27. Rd7
Bxb2 28. a4 Bc3 29. Rxa7 Rcd8 30. Nd7 e6 31. Bg5 Rc8 32. Nf6+ Kf8 33. Nxe8 Kxe8
34. Re7+ Kf8 35. Rxe6 Rxc4 36. Ra6 Bb4 37. Ra8+ Kf7 38. Ra7+ Ke6 39. Rxh7 Rd4
40. Rb7 Bc5 41. Be3 Rd1+ 42. Kg2 Bxe3 43. fxe3 Rd2+ 44. Kh3 g5 45. Rb6+ Kd5 46.
Rb5+ Ke6 47. g4 fxg4+ 48. Kxg4 Kf6 49. Rf5+ Kg6 50. Rxg5+ Kf6 51. a5 Rg2+ 52.
Kf4 Rxg5 53. a6 Ra5 54. Kxe4 Rxa6 55. h4 Re6+ 56. Kf4 Rb6 57. Kg4 Rb4+ 58. Kh3
Rb3 59. h5 Rxe3+ 60. Kg4 Re8 61. Kh4 Re4+ 62. Kg3 Kg5 63. h6 Kxh6 64. Kf3 Ra4
65. Ke3 Kg5 66. Kf3 Rb4 67. Ke3 Kf5 68. Kd3 Rh4 69. Kc3 Ke5 70. Kd3 Rg4 71. Ke3
Rg3+ 72. Kf2 Kf4 73. Ke2 Rh3 74. Kd2 Ke4 75. Ke2 Rh2+ {White resigns} 0-1

[Event "Team 45 45 League T42"]
[Site "Internet Chess Club"]
[Date "2009.08.04"]
[Round "1"]
[White "TerryMalloy"]
[Black "tsia68"]
[Result "1/2-1/2"]
[WhiteElo "2012"]
[BlackElo "1945"]
[Opening "King's Indian: Four pawns attack, main line"]
[ECO "E79"]
[Time "17:00:34"]
[TimeControl "2700+45"]

1. d4 Nf6 2. c4 g6 3. Nc3 Bg7 4. e4 d6 5. Be2 O-O 6. f4 c5 7. Nf3 cxd4 8. Nxd4
Nc6 9. Be3 Bd7 10. O-O Nxd4 11. Bxd4 Bc6 12. Bf3 a6 13. a4 Qa5 14. Nd5 Nxd5 15.
cxd5 Bd7 16. Bxg7 Kxg7 17. Qd4+ Kg8 18. b4 Qd8 19. Rfc1 Rc8 20. Bd1 Rxc1 21.
Rxc1 Qb8 22. Rc3 Rc8 23. Kf2 f6 24. Bb3 Kf8 25. Kf3 Rxc3+ 26. Qxc3 Qc8 27. Qxc8+
Bxc8 28. g4 h6 29. f5 g5 30. h3 Ke8 31. Ke3 Kd8 32. Kd4 Kc7 33. Kc3 Bd7 34. Kd4
Be8 35. Kc3 Bd7 36. Kd4 Be8 37. Kc3 Kb6 38. Kd4 Bd7 39. Kc3 a5 40. Kc4 Be8 41.
b5 h5 42. Bd1 hxg4 43. hxg4 Bf7 44. Bb3 Be8 45. Bd1 Bf7 46. Bb3 Be8 47. Bd1
{Game drawn by repetition} 1/2-1/2

[Event "Team 45 45 League T42"]
[Site "Internet Chess Club"]
[Date "2009.08.02"]
[Round "1"]
[White "room-matt"]
[Black "wbanks"]
[Result "1-0"]
[WhiteElo "1800"]
[BlackElo "1603"]
[Opening "Bishop's opening: Classical variation"]
[ECO "C23"]
[Time "09:50:32"]
[TimeControl "2700+45"]

1. e4 e5 2. Bc4 Bc5 3. Nc3 Nf6 4. d3 h6 5. f4 d6 6. fxe5 dxe5 7. Nf3 O-O 8. Nxe5
Qd4 9. Qf3 Qxe5 10. Bf4 Qe7 11. Rf1 Bg4 12. Qg3 Bh5 13. Bxh6 Bg6 14. Qxg6 {Black
resigns} 1-0

[Event "Team 45 45 League T42"]
[Site "Internet Chess Club"]
[Date "2009.07.30"]
[Round "1"]
[White "gmlevanzov"]
[Black "crag"]
[Result "0-1"]
[WhiteElo "1488"]
[BlackElo "1877"]
[Opening "French: exchange variation"]
[ECO "C01"]
[Time "17:59:25"]
[TimeControl "2700+45"]

1. e4 e6 2. d4 d5 3. exd5 exd5 4. Nf3 Nf6 5. Be2 Bd6 6. Bg5 h6 7. Bh4 O-O 8. O-O
Bf5 9. Nbd2 Nbd7 10. Re1 Re8 11. Nb3 c6 12. Qd2 Qc7 13. Bg3 Re7 14. Bxd6 Qxd6
15. Bd3 Bxd3 16. Rxe7 Qxe7 17. Qxd3 Re8 18. Kf1 Ne4 19. Re1 Qe6 20. Nfd2 Ng3+
{White resigns} 0-1

[Event "Team 45 45 League T42"]
[Site "Internet Chess Club"]
[Date "2009.07.30"]
[Round "1"]
[White "qs16"]
[Black "trucazzo"]
[Result "0-1"]
[WhiteElo "1711"]
[BlackElo "2048"]
[Opening "Dutch"]
[ECO "A80"]
[Time "06:08:53"]
[TimeControl "2700+45"]

1. d4 f5 2. Nd2 Nf6 3. e3 d6 4. Bd3 e5 5. dxe5 dxe5 6. e4 f4 7. Ngf3 Bg4 8. h3
Bh5 9. b3 Nc6 10. Bb2 Bb4 11. Be2 Nxe4 12. c3 Nxc3 13. Bxc3 Bxc3 14. Rc1 Ba5 15.
O-O Qe7 16. Nc4 Rd8 17. Qc2 Bg6 18. Qb2 Bb6 19. Nxb6 cxb6 20. Rfe1 e4 21. Bc4
Qf6 22. Qa3 Qd6 23. Qb2 Qf6 24. Qa3 Qe7 25. Qb2 a6 26. a4 Na5 27. Be2 O-O 28.
Bc4+ Kh8 29. Ne5 Bf5 30. Qe2 {White resigns} 0-1

[Event "Team 45 45 League T42"]
[Site "Internet Chess Club"]
[Date "2009.08.02"]
[Round "1"]
[White "katesolu"]
[Black "SugarIslander"]
[Result "0-1"]
[WhiteElo "1776"]
[BlackElo "1758"]
[Opening "Caro-Kann: advance variation"]
[ECO "B12"]
[Time "13:00:16"]
[TimeControl "2700+45"]

1. e4 c6 2. d4 d5 3. e5 Bf5 4. g4 Bg6 5. h4 h6 6. Nc3 e6 7. Bd3 Bxd3 8. Qxd3 Nd7
9. Be3 Bb4 10. f4 Ne7 11. Nf3 Qc7 12. h5 O-O-O 13. f5 c5 14. fxe6 fxe6 15. a3
Bxc3+ 16. Qxc3 cxd4 17. Qxd4 Nc6 18. Qc3 Ndxe5 19. Nxe5 Qxe5 20. Qxe5 Nxe5 21.
Bxa7 Nxg4 22. Rg1 Nf6 23. Rxg7 Nxh5 24. Rg6 Nf4 25. Rg4 e5 26. Be3 h5 27. Rg1
Rdg8 28. Kd2 Rg4 29. Bxf4 Rxf4 30. Raf1 Rd4+ 31. Ke3 h4 32. Rh1 Rg4 33. Rh3 Kc7
34. Rfh1 e4 35. Kd4 Kd6 36. b3 b5 37. c3 Rg2 38. Rxh4 Rd2+ 39. Ke3 Rd3+ 40. Ke2
Rxh4 41. Rxh4 Rxc3 42. Rh6+ Kc5 43. b4+ Kd4 44. Ra6 Rc2+ 45. Kd1 Ra2 46. Kc1 Kd3
{White resigns} 0-1

[Event "Team 45 45 League T42"]
[Site "Internet Chess Club"]
[Date "2009.08.02"]
[Round "1"]
[White "isolani"]
[Black "rom1"]
[Result "0-1"]
[WhiteElo "1507"]
[BlackElo "1615"]
[Opening "Neo-Grünfeld defense"]
[ECO "D70"]
[Time "15:03:16"]
[TimeControl "2700+45"]

1. Nf3 Nf6 2. d4 g6 3. c4 d5 4. cxd5 Nxd5 5. e4 Nf6 6. Nc3 Bg7 7. Rb1 O-O 8. Be2
c6 9. O-O Nbd7 10. Be3 Nb6 11. h3 Be6 12. b3 h6 13. Qd2 Kh7 14. Ne5 Nbd7 15. f4
Nxe5 16. fxe5 Nd7 17. Bc4 Nb6 18. Bxe6 fxe6 19. Rxf8 Qxf8 20. Rf1 Qg8 21. Ne2
Rf8 22. Rxf8 Qxf8 23. Nf4 Qf7 24. Qe2 Nd7 25. Qc4 Nf8 26. Qe2 g5 27. Nh5 Ng6 28.
Nxg7 Kxg7 29. Qf2 Nf8 30. Qxf7+ Kxf7 31. d5 cxd5 32. exd5 exd5 33. Bxa7 Ke6 34.
Bd4 Nd7 35. Kf2 Nxe5 36. a4 Nc6 37. Bg7 h5 38. g4 Kf7 39. Bb2 Kg6 40. Ba3 e5 41.
b4 e4 42. b5 Ne5 43. gxh5+ Kxh5 44. a5 Nc4 45. a6 bxa6 46. bxa6 Nb6 47. Bc5 Na8
48. Ke3 Kg6 49. Kd4 Kf5 50. Kxd5 Nc7+ {White resigns} 0-1

[Event "Team 45 45 League T42"]
[Site "Internet Chess Club"]
[Date "2009.08.01"]
[Round "1"]
[White "nardz"]
[Black "Folgers"]
[Result "1/2-1/2"]
[WhiteElo "2001"]
[BlackElo "2059"]
[Opening "QGD Slav: Dutch variation"]
[ECO "D18"]
[Time "11:00:24"]
[TimeControl "2700+45"]

1. d4 d5 2. c4 c6 3. Nf3 Nf6 4. Nc3 dxc4 5. a4 Bf5 6. e3 e6 7. Bxc4 Bb4 8. O-O
Nbd7 9. Qb3 a5 10. Na2 Be7 11. h3 O-O 12. Nh4 Be4 13. Nc3 Nb6 14. Be2 Nbd5 15.
Nxe4 Nxe4 16. Nf3 Nb4 17. Rd1 Qc7 18. Bd2 Nxd2 19. Rxd2 Rfd8 20. Rad1 Bd6 21.
Bf1 Qe7 22. g3 Rd7 23. Bg2 Rad8 24. h4 h6 25. Qc4 Bc7 26. e4 e5 27. Bh3 Rd6 28.
Nxe5 Bb6 29. f4 Na6 30. Kh2 Nc7 31. b3 Ne6 32. Nf3 Nc7 33. Bg2 Qxe4 34. Ne5 Qf5
35. Bh3 Qf6 36. Ng4 Qe6 37. Qc3 Nd5 38. Qf3 Qe7 39. Re2 Qf8 40. Ne5 Nf6 41. Nc4
Rxd4 42. Rxd4 Bxd4 {Game drawn by mutual agreement} 1/2-1/2